 Dungeon Crawl Stone Soup version 0.24.0-13-gcf9b319 (webtiles) character file.

Game seed: 15083142317732984000, levelgen mode: deterministic

198 Fang the Skirmisher (level 5, -1/34 HPs)
             Began as a Gargoyle Fighter on Dec 16, 2019.
             Slain by Duvessa
             ... wielding a +0 short sword
              (2 damage)
             ... on level 4 of the Dungeon.
             The game lasted 00:03:54 (2663 turns).

Fang the Skirmisher (Gargoyle Fighter)              Turns: 2663, Time: 00:03:55

Health: -1/34      AC: 10    Str: 20    XL:     5   Next: 76%
Magic:  5/5        EV:  7    Int:  9    God:
Gold:   61         SH:  9    Dex:  9    Spells: 4/4 levels left

rFire    . . .     SeeInvis .   a - +1 war axe
rCold    . . .     Gourm    .   c - +0 shield
rNeg     + . .     Faith    .   b - +0 scale mail
rPois    ∞         Spirit   .   (no helmet)
rElec    +         Reflect  .   (no cloak)
rCorr    .         Harm     .   (no gloves)
MR       +....                  (no boots)
Stlth    ..........             (no amulet)
HPRegen  0.11/turn              g - ring of protection from magic
MPRegen  0.09/turn              (no ring)

@: heavily drained
A: negative energy resistance 1, electricity resistance, unbreathing,
petrification resistance, rot immunity, AC +4
a: no special abilities


You were on level 4 of the Dungeon.
You were not hungry.

You visited 1 branch of the dungeon, and saw 4 of its levels.

You collected 61 gold pieces.

Inventory:

Hand Weapons
 a - a +1 war axe (weapon)
Armour
 b - a +0 scale mail (worn)
 c - a +0 shield (worn)
Jewellery
 g - a ring of protection from magic (left hand)
Wands
 h - a wand of flame (23)
 o - a wand of disintegration (10)
Scrolls
 e - 2 scrolls of remove curse
 i - a scroll of teleportation
 p - a scroll of fog
Potions
 d - a potion of might
 l - a potion of curing
 m - a potion of flight
 q - a potion of magic {unknown}
 r - a potion of mutation {unknown}
 s - a potion of degeneration {unknown}
 u - 3 potions of lignification {unknown}
 v - 2 potions of heal wounds {unknown}
 w - a potion of haste {unknown}
Comestibles
 f - 9 rations


   Skills:
 + Level 4.4(3.1) Fighting
 + Level 2.9(1.7) Axes
 + Level 4.4(3.1) Armour
 - Level 0.4(0.0) Stealth
 + Level 4.3(3.0) Shields


You had 4 spell levels left.
You didn't know any spells.
Your spell library was empty.

Dungeon Overview and Level Annotations

Branches:
Dungeon (4/15)
 Temple: D:4-7

Altars:
Makhleb
Okawaru
The Shining One

Annotations:
D:4 Dowan, Duvessa


Innate Abilities, Weirdness & Mutations

You are resistant to torment.
Your stone body is resilient. (AC +4)
You are immune to poison.
You resist negative energy. (rN+)
You are resistant to electric shocks. (rElec)
You can survive without breathing.
You are immune to petrification.
You are immune to rotting.


Message History

Duvessa is lightly wounded.
You closely miss Dowan. Duvessa closely misses you.
Dowan hits you but does no damage.
The frilled lizard bites the fungus.
Duvessa hits you with a +0 short sword.
* * * LOW HITPOINT WARNING * * *
Dowan hits you but does no damage.
The frilled lizard completely misses the fungus.
You hit Duvessa.
Duvessa is moderately wounded.
You hit Dowan but do no damage. You block Duvessa's attack.
Duvessa closely misses you.
Dowan hits you with a +2 dagger of flaming.
* * * LOW HITPOINT WARNING * * *
Dowan burns you.
* * * LOW HITPOINT WARNING * * *
The frilled lizard bites the fungus.
You hit Duvessa.
Duvessa is moderately wounded.
You barely miss Dowan. Duvessa hits you with a +0 short sword.
You die... #.# #... ##≈ #.# #.#. .lP

#.####### #####§#.
########...>.(.# #.....#.
........######.###e#####.
........######........# .
####.........##.#####....
######.#e......# ###
.?.....@e###.### ##
....#.######.).######≈#
#.#.................#≈# #
##.###########.#..#≈# #.
#....# #. ######..#
#...##.##... .#. #.
###......... ...##.#
###..#######


You could see Duvessa, Dowan and a frilled lizard.

Vanquished Creatures
  Crazy Yiuf (D:3)
  A bullfrog skeleton (D:2)
  2 iguanas (D:4)
  4 adders
  An ooze (D:2)
  An adder skeleton (D:4)
  A worm (D:2)
  2 dart slugs
  A leopard gecko (D:1)
  3 bats
  2 giant cockroaches
  6 goblins
  4 hobgoblins
  A quokka (D:2)
  A ball python (D:3)
  7 frilled lizards
  6 kobolds
  7 rats
51 creatures vanquished.

Vanquished Creatures (others)
  A fungus (D:4)
1 creature vanquished.

Grand Total: 52 creatures vanquished

Notes
Turn   | Place    | Note
-------+----------+-------------------------------------------
     0 | D:1      | Fang the Gargoyle Fighter began the quest for the Orb.
     0 | D:1      | Reached XP level 1. HP: 14/14 MP: 1/1
   194 | D:1      | Reached XP level 2. HP: 16/19 MP: 2/2
   762 | D:2      | Reached XP level 3. HP: 19/23 MP: 3/3
   934 | D:2      | Found a burning altar of Makhleb.
  1110 | D:2      | Reached XP level 4. HP: 29/29 MP: 4/4
  1240 | D:2      | Found an iron altar of Okawaru.
  1340 | D:2      | Found a glowing golden altar of the Shining One.
  1744 | D:3      | Found a faded altar of an unknown god.
  1882 | D:3      | Found a runed translucent door.
  1883 | D:3      | Noticed Crazy Yiuf
  2018 | D:3      | Killed Crazy Yiuf
  2018 | D:3      | Reached XP level 5. HP: 19/33 MP: 0/5
  2620 | D:4      | Noticed Dowan
  2621 | D:4      | Noticed Duvessa
  2662 | D:4      | HP: 1/34 [Dowan/+2 dagger of flaming (1)]
  2663 | D:4      | Slain by Duvessa

Levels and vault maps discovered:
D:1:      roderic_octagonal_star, layout_loops_cross
D:2:      layout_basic, tso_oasis_becter, old_standard_altar, bloody_makhleb
D:3:      layout_loops_ring, chequers_ecumenical_altar_simple_redux,
          uniq_crazy_yiuf_cottage
D:4:      layout_rooms, serial_aquarium, aquarium_bridge_straight
          [aquarium_subvault_bridge, aquarium_subvault_wall,
          aquarium_subvault_bridge, aquarium_subvault_wall],
          aquarium_bridge_long_joined [aquarium_subvault_window,
          aquarium_subvault_wall, aquarium_subvault_bridge,
          aquarium_subvault_bridge, aquarium_subvault_bridge,
          aquarium_subvault_wall], aquarium_window_fake, aquarium_window_fake,
          aquarium_window_fake, aquarium_window_1, aquarium_view_2a,
          aquarium_view_2e, aquarium_balcony_double_3, aquarium_pool_five,
          st_stairs_11, uniq_duvessa

Skill      XL: |  1  2  3  4 |
---------------+-------------+-----
Axes           | 2 |  2.9
Fighting       | 4 |  4.4
Armour         | 4 |  4.4
Shields        | 4 |  4.3
Stealth        | |  0.4

Action                   |  1- 3 |  4- 6 || total
-------------------------+-------+-------++-------
Melee: War axe           |   122 |    96 ||   218
  Use: Scroll            |     1 |     8 ||     9
       Potion            |       |     1 ||     1
  Eat: Chunk             |     1 |     5 ||     6
Armor: Scale mail        |    78 |    74 ||   152
Dodge: Dodged            |    39 |    52 ||    91
Block: Shield            |    54 |    77 ||   131
